 Seeded DCSS version 0.30.1-4-g462c640d31 (webtiles) character file.

Game seed: 15140874439476535185 (custom seed)

72 Psyclone the Conjurer (level 4, 0/27 HPs)
             Began as an Octopode Conjurer on Sept 18, 2023.
             Was an Initiate of Gozag.
             Slain by an ogre
             ... wielding a +0 giant spiked club
              (27 damage)
             ... on level 3 of the Dungeon.
             The game lasted 00:04:19 (2689 turns).

Psyclone the Conjurer (Octopode Conjurer)           Turns: 2689, Time: 00:04:19

Health: 0/27       AC:  1    Str:  6    XL:     4   Next: 25%
Magic:  2/7        EV: 13    Int: 22    God:    Gozag
Gold:   298        SH:  0    Dex: 10    Spells: 4/7 levels left

rFire   . . .        o - +2 war axe (elec)
rCold   . . .        (no shield)
rNeg    . . .        (helmet restricted)
rPois   .            (no amulet)
rElec   .            (no ring)
rCorr   .            (no ring)
SInv    .            (no ring)
Will    .....        (no ring)
Stlth   +++          (no ring)
HPRegen 0.24/turn    (no ring)
MPRegen 0.10/turn    (no ring)
                     (no ring)

%: no passive effects
@: no status effects
A: almost no armour, amphibious, 8 rings, camouflage 1, gelatinous body 1,
(nimble swimmer 1), tentacles
a: Renounce Religion, Potion Petition, Call Merchant, Bribe Branch


You were on level 3 of the Dungeon.
You worshipped Gozag.
Gozag was aware of your devotion.
You visited 1 branch of the dungeon, and saw 3 of its levels.

You collected 322 gold pieces.
You paid 24 gold pieces to Gozag.

Inventory:

Hand Weapons
 o - a +2 war axe of electrocution (weapon)
Scrolls
 b - 2 scrolls of teleportation {unknown}
 c - 2 scrolls of fog {unknown}
 g - a scroll of noise {unknown}
 i - a scroll of identify {unknown}
 k - 3 scrolls of fear {unknown}
 l - a scroll of vulnerability {unknown}
Potions
 a - 4 potions of magic
 d - 3 potions of curing {unknown}
 e - 2 potions of heal wounds {unknown}
 f - 2 potions of resistance {unknown}
 h - a potion of degeneration {unknown}
 j - a potion of mutation {unknown}
 m - a potion of ambrosia {unknown}
 n - a potion of haste {unknown}


   Skills:
 - Level 2.0 Dodging
 - Level 2.6 Stealth
 - Level 2.0 Spellcasting
 + Level 5.6 Conjurations


You had 4 spell levels left.
You knew the following spells:

 Your Spells              Type           Power      Damage    Failure   Level
a - Magic Dart            Conj           100%       1d8       1%          1
b - Searing Ray           Conj           54%        2d6       1%          2

Your spell library contained the following spells:

 Spells                   Type           Power      Damage    Failure   Level
 Dazzling Flash           Conj/Hex       28%        N/A       13%         3
 Sublimation of Blood     Necr           2%         N/A       21%         2
 Wereblood                Tmut           2%         N/A       21%         2
 Fulminant Prism          Conj/Hex       7%         3d7       38%         4
 Iskenderun's Mystic Bla  Conj/Tloc      14%        2d5       38%         4
 Summon Hydra             Summ           1%         N/A       100%        7


Dungeon Overview and Level Annotations

Branches:
Dungeon (3/15) Zot: 15310

Altars:
Gozag

Shops:
D:3 (


Innate Abilities, Weirdness & Mutations

You cannot wear most types of armour.
You are amphibious.
You can wear up to eight rings at the same time.
Your skin changes colour to match your surroundings (Stealth+).
Your rubbery body absorbs attacks. (AC +1, EV +1)
((You are camouflaged when in or above water. (Stealth+)))
You have tentacles for arms and can constrict up to eight enemies at once.


Message History

There is an entrance to Zyskustre's Antique Weapon Shop here.
k - 3 scrolls labelled JUSECZ KOIRET (gained 1) Key pressed, stopping explore.
Found a stone staircase leading up.
Found a stone staircase leading down.
An ogre comes into view. It is wielding a +0 giant spiked club.
An ogre is nearby!
An ogre is nearby!
Casting: Magic Dart (safe; 1% risk of failure)
Confirm with . or Enter, or press ? or * to list all spells.
Aiming: Magic Dart (safe; 1% risk of failure)
Press: ? - help, Shift-Dir - straight line, f - ogre
Aim: an ogre, wielding a +0 giant spiked club (wandering, hasn't noticed you, 100% to hit)
Okay, then.
Memorise Searing Ray, consuming 2 spell levels and leaving 4?
You start memorising the spell.
You continue memorising. x2
You finish memorising.
Spell assigned to 'b'.
The ogre shouts!
Casting: Magic Dart (safe; 1% risk of failure)
Confirm with . or Enter, or press ? or * to list all spells.
Aiming: Searing Ray (safe; 1% risk of failure)
Press: ? - help, Shift-Dir - straight line, f - ogre
Aim: an ogre, wielding a +0 giant spiked club (90% to hit)
The searing ray hits the ogre.
The ogre is lightly wounded. (Press . to maintain the ray.)
You now have 5/7 mp.
The searing ray hits the ogre.
The ogre is moderately wounded.
You now have 4/7 mp.
The searing ray hits the ogre!
The ogre is heavily wounded.
You now have 3/7 mp.
The searing ray hits the ogre!
The ogre is severely wounded.
You finish channelling your searing ray.
The ogre hits you with a +0 giant spiked club!!
Ouch! That really hurt!
You die...
Your body crumbles into a pile of gold.

#.# #####∩#####
#......<..# ..
#.........# ##..
#.........# #...
#.........# ##..#
# . #####.#####
#..# .#..
#.#######.# #!...
#.@O......##....#
####.#........###
#..##..........
#..............
#..#....=......
####..........#
....#...#<...
.....##...# ...
...... #...# ..


You could see an ogre.

Vanquished Creatures
  An adder (D:2)
  A worm (D:2)
  5 dart slugs
  3 ball pythons
  2 bats
  9 endoplasms
  2 goblins (D:1)
  7 hobgoblins
  A quokka (D:2)
  2 frilled lizards
  5 kobolds
  9 rats
47 creatures vanquished.

Notes
Turn   | Place    | Note
-------+----------+-------------------------------------------
     0 | D:1      | Psyclone the Octopode Conjurer began the quest for the Orb.
     0 | D:1      | Reached XP level 1. HP: 11/11 MP: 3/3
   315 | D:2      | Reached XP level 2. HP: 10/17 MP: 0/5
   351 | D:2      | Found an opulent altar of Gozag.
   357 | D:2      | Found a faded altar of an unknown god.
   360 | D:2      | Became a worshipper of Gozag Ym Sagoz the Greedy
   746 | D:1      | You fall into a shaft and drop 1 floor!
   867 | D:2      | Reached skill level 5 in Conjurations
   867 | D:2      | Reached XP level 3. HP: 21/21 MP: 2/6
  2028 | D:1      | Reached XP level 4. HP: 27/27 MP: 5/7
  2637 | D:3      | Found Zyskustre's Antique Weapon Shop.
  2657 | D:3      | Noticed an ogre
  2671 | D:3      | Learned a level 2 spell: Searing Ray
  2689 | D:3      | Slain by an ogre

Illustrated notes

Levels and vault maps discovered:
D:1:      lightli_arrival_isolated_outpost, layout_basic
D:2:      minmay_alternating_diamond, layout_basic, basic_altar,
          basic_ecumenical_altar, serial_forest, infiniplex_forest_end_2,
          infiniplex_forest_clump_curved, infiniplex_forest_lined_2,
          infiniplex_forest_pool, infiniplex_forest_lined_3,
          infiniplex_forest_clump_curved
D:3:      layout_rooms, led_sif_pool, serial_shops,
          nicolae_shop_window_shopping, shop, shop,
          nicolae_shop_just_a_little_nook, nicolae_shop_real_fake_doors,
          minmay_misc_feat_x, st_stairs_9, uniq_grinder

Skill      XL: |  1  2 |
---------------+-------+-----
Conjurations   | 5 |  5.6
Dodging        | |  2.0
Stealth        | |  2.6
Spellcasting   | |  2.0

Action                     |  1- 3 |  4- 6 || total
---------------------------+-------+-------++-------
  Melee: Unarmed           |    24 |       ||    24
         Constrict         |     5 |       ||     5
         Tentacles         |     3 |       ||     3
         Punch             |     1 |       ||     1
   Cast: Magic Dart        |    60 |    14 ||    74
         Searing Ray       |       |     1 ||     1
 Armour: Skin              |     2 |       ||     2
  Dodge: Dodged            |    18 |       ||    18
